 Dungeon Crawl Stone Soup version 0.31.0-11-ge490571c62 (webtiles) character file.

Game seed: 5705661649391977032

25291 cdecastro the Magus (level 12, -2/106 HPs)
             Began as a White Draconian Shapeshifter on Jan 26, 2024.
             Was an Elder of Nemelex Xobeh.
             Slain by a slime creature (16 damage)
             ... on level 14 of the Dungeon.
             The game lasted 00:33:09 (16915 turns).

cdecastro the Magus (White Draconian Shapeshifter) Turns: 16915, Time: 00:33:12

Health: -2/106     AC: 10    Str: 16    XL:     12   Next: 88%
Magic:  21/21      EV: 16    Int: 11    God:    Nemelex Xobeh [****..]
Gold:   267        SH:  0    Dex: 16    Spells: 11/11 levels left

rFire   . .          .
                       - Unarmed
rCold   + . .        (shield currently unavailable)
rNeg    . . .        (body armour unavailable)
rPois   .            (helmet restricted)
rElec   .            k - +0 cloak
rCorr   .            e - +0 pair of gloves
SInv    .            (no boots)
Will    .....        (no amulet)
Stlth   +            p - ring of flight
HPRegen 0.37/turn    (no ring)
MPRegen 0.17/turn

%: no passive effects
@: flux-form, flying, glowing
A: glow, contaminating, breathe frost, AC +8, unfitting armour, cold resistance
1, cold-blooded
a: Breathe Frost, Begin Untransformation, Renounce Religion, Draw Escape, Draw
Destruction, Draw Summoning, Triple Draw, Deal Four


You were on level 14 of the Dungeon.
You worshipped Nemelex Xobeh.
Nemelex Xobeh was greatly pleased with you.
You were something dangerously unstable.
You visited 2 branches of the dungeon, and saw 15 of its levels.

You collected 793 gold pieces.
You spent 526 gold pieces at shops.

Inventory:

Armour
 e - a +0 pair of gloves (worn)
 k - a +0 cloak (worn)
Magical Staves
 C - a staff of cold
Jewellery
 g - a ring of ice
 p - a ring of flight (left hand)
 K - a ring of magical power
Talismans
 b - a beast talisman
 c - a flux talisman (active)
Wands
 v - a wand of flame (10)
 G - a wand of roots (4)
 H - a wand of acid (3)
Scrolls
 f - 2 scrolls of acquirement {unknown}
 h - a scroll of fog {unknown}
 i - 4 scrolls of enchant weapon {unknown}
 m - 3 scrolls of poison
 n - 3 scrolls of revelation
 o - 4 scrolls of noise
 q - 2 scrolls of amnesia
 r - 2 scrolls of immolation
 u - 2 scrolls of butterflies {unknown}
 w - 4 scrolls of enchant armour {unknown}
 x - 7 scrolls of teleportation
 y - 2 scrolls of blinking
 z - a scroll of torment {unknown}
 B - 6 scrolls of identify
Potions
 a - a potion of lignification
 d - 5 potions of haste
 j - 6 potions of curing
 l - 4 potions of heal wounds
 s - 3 potions of ambrosia
 t - 3 potions of cancellation
 A - 3 potions of mutation
 D - 4 potions of enlightenment
 E - 2 potions of resistance {unknown}
 F - 2 potions of might {unknown}
 I - a potion of brilliance {unknown}
 J - a potion of magic {unknown}


   Skills:
 - Level 10.0 Fighting
 - Level 1.7 Dodging
 - Level 10.3 Unarmed Combat
 * Level 12.8 Invocations
 + Level 12.4 Shapeshifting


You had 11 spell levels left.
You didn't know any spells.
Your spell library contained the following spells:

 Spells                   Type           Power      Damage    Failure   Level
 Freeze                   Ice            0%         1d3       34%         1
 Summon Small Mammal      Summ           0%         N/A       34%         1
 Call Imp                 Summ           0%         N/A       47%         2
 Scorch                   Fire           0%         2d5       47%         2
 Sublimation of Blood     Necr           0%         N/A       47%         2
 Call Canine Familiar     Summ           0%         N/A       71%         3
 Frozen Ramparts          Ice            0%         1d1       71%         3
 Hailstorm                Conj/Ice       0%         3d5       71%         3
 Animate Dead             Necr           0%         N/A       98%         4
 Flame Wave               Conj/Fire      0%         2d4       98%         4
 Summon Blazeheart Golem  Fire/Summ      0%         N/A       98%         4
 Borgnjor's Vile Clutch   Necr/Erth      0%         N/A       100%        5
 Summon Forest            Summ/Tloc      0%         N/A       100%        5
 Summon Mana Viper        Hex/Summ       0%         N/A       100%        5
 Death Channel            Necr           0%         N/A       100%        6
 Summon Cactus Giant      Summ           0%         N/A       100%        6
 Summon Hydra             Summ           0%         N/A       100%        7


Dungeon Overview and Level Annotations

Branches:
Dungeon (14/15)            Temple (1/1) D:4            Lair (0/5) D:11
    Orc (0/2) D:12
 Vaults: D:13-14

Altars:
Ashenzari
Cheibriados
Dithmenos
Elyvilon
Fedhas
Gozag
Hepliaklqana
Kikubaaqudgha
Makhleb
Nemelex Xobeh
Okawaru
Qazlal
Ru
Sif Muna
Trog
Uskayaw
Vehumet
Wu Jian
Xom
Yredelemnul
Zin
The Shining One

Shops:
D:8 ?   D:11 [!?(:   D:14 =*=

Annotations:
D:2 vault need dig
D:13 1 runed translucent door


Innate Abilities, Weirdness & Mutations

You are something dangerously unstable.
You glow with magical radiation, making you easy to see and hit.
Foes you strike become dangerously contaminated with magical radiation.
You are incapable of wielding weapons or throwing items.
You can breathe waves of freezing cold which knock back foes.
Your icy white scales are hard. (AC +8)
You cannot fit into any form of body armour.
Your flesh is cold resistant. (rC+)
You are cold-blooded and may be slowed by cold attacks.


Message History

The slime creature hits you but does no damage.
You hit the slime creature but do no damage.
The slime creature glows dangerously bright.
You tail-slap the slime creature.
The slime creature is moderately wounded.
The slime creature hits you! The slime creature closely misses you.
The slime creature completely misses you.
The slime creature hits you!
You punch the slime creature!
The slime creature shudders as magic cascades through it!!
You kill the slime creature!
The slime creature completely misses you.
The slime creature closely misses you.
The slime creature hits you but does no damage.
You hit the slime creature.
The slime creature begins to glow.
The slime creature is moderately wounded.
The slime creature barely misses you. The slime creature closely misses you.
You hit the slime creature.
The slime creature glows dangerously bright.
The slime creature is moderately wounded.
The slime creature hits you!
* * * LOW HITPOINT WARNING * * *
The slime creature hits you.
* * * LOW HITPOINT WARNING * * *
You hit the slime creature.
The slime creature shudders as magic cascades through it!!
The slime creature twists and deforms.
The slime creature is severely wounded.
The slime creature hits you!
* * * LOW HITPOINT WARNING * * *
The slime creature hits you but does no damage.
You hit the slime creature.
The slime creature begins to glow.
The slime creature is almost dead.
The slime creature hits you.
* * * LOW HITPOINT WARNING * * *
The slime creature hits you!
* * * LOW HITPOINT WARNING * * *
The slime creature hits you!
You die...
Your body glows slightly brighter and disappears.

.# #####........>#
.. #..##.#####.#.#
.. #....# #.#.# #.
#..### ###.#.#####.
.+
#..#####......?....
##..................
#.......#.###.####.#
##...J....# .#
##..#p...# ∩#
#..J.J..# J#
......#.#..# JJ
#.#####.#..# .# .
....... .# ####..###
#... ##.##


You could see 3 slime creatures.

Vanquished Creatures
  4 boulder beetles
  3 two-headed ogres
  A centaur warrior (D:13)
  An arcanist (D:14)
  A deep elf pyromancer (D:13)
  3 ugly things (D:13)
  2 cyclopes (D:13)
  6 manticores
  A black mamba (shapeshifter) (D:13)
  Maggie (D:6)
  4 kobold demonologists
  An unseen horror (D:11)
  A komodo dragon (D:11)
  A tengu conjurer (D:14)
  3 trolls
  3 hornets
  11 slime creatures
  A centaur simulacrum (D:14)
  2 shadows (D:13)
  2 wyverns
  A wraith (D:10)
  5 yaks (D:8)
  A vampire (D:13)
  A basilisk (D:13)
  2 humans (D:11)
  Eustachio (D:4)
  A warg (D:11)
  13 vampire mosquitoes
  2 acid dragons
  A water moccasin (D:5)
  2 ice beasts
  A sky beast (D:7)
  2 black bears (D:6)
  3 orc warriors
  A centaur (shapeshifter) (D:12)
  4 centaurs
  An ogre (D:4)
  2 bullfrogs (D:7)
  2 gnoll sergeants
  2 scorpions (D:5)
  9 wights (D:8)
  4 killer bees (D:9)
  6 electric eels (D:10)
  4 howler monkeys
  A quasit (D:7)
  2 gnoll boudas
  4 jellies
  13 orc priests
  2 bombardier beetles (D:5)
  4 hounds
  4 iguanas
  12 orc wizards
  11 adders
  25 gnolls
  2 shadow imps
  2 white imps (D:7)
  An ufetubus (D:7)
  2 dart slugs
  3 ribbon worms
  34 orcs
  8 ball pythons
  7 endoplasms
  A giant cockroach (D:4)
  5 goblins
  2 hobgoblins
  6 quokkas
  7 bats
  3 frilled lizards
  10 kobolds
  4 rats
298 creatures vanquished.

Vanquished Creatures (collateral kills)
  2 ugly things (D:14)
  A hornet (D:13)
  A vampire (D:13)
  A wraith (D:13)
5 creatures vanquished.

Grand Total: 303 creatures vanquished

Notes
Turn   | Place    | Note
-------+----------+-------------------------------------------
     0 | D:1      | cdecastro the Draconian Shapeshifter began the quest for
                  | the Orb.
     0 | D:1      | Reached XP level 1. HP: 16/16 MP: 1/1
   253 | D:1      | Reached XP level 2. HP: 23/23 MP: 2/2
   745 | D:2      | Reached XP level 3. HP: 22/28 MP: 3/3
  1389 | D:3      | Found Zin's Purification Station.
  1412 | D:3      | Reached XP level 4. HP: 35/35 MP: 4/4
  1443 | D:3      | Found a glowing silver altar of Zin.
  1945 | D:3      | Reached skill level 5 in Unarmed Combat
  1945 | D:3      | Reached XP level 5. HP: 22/40 MP: 5/5
  2353 | D:3      | Identified the +3 leather armour of Experimentation {rF+}
  2390 | D:3      | Bought a potion of curing for 90 gold pieces
  2477 | D:4      | Noticed an ogre
  2502 | D:3      | Reached XP level 6. HP: 39/47 MP: 6/6
  2679 | D:4      | Found a staircase to the Ecumenical Temple.
  2757 | Temple   | Entered the Ecumenical Temple
  2767 | Temple   | Became a worshipper of Nemelex Xobeh the Trickster
  2847 | D:4      | Your scales start taking on an icy white colour.
  2847 | D:4      | Reached XP level 7. HP: 52/52 MP: 7/7
  2847 | D:4      | Gained mutation: Your flesh is cold resistant. (rC+) [White
                  | Draconian growth]
  2866 | D:4      | Noticed Eustachio
  2895 | D:4      | Killed Eustachio
  2896 | D:4      | Reached skill level 5 in Shapeshifting
  3429 | D:5      | Entered Level 5 of the Dungeon
  3492 | D:5      | Reached * piety under Nemelex Xobeh
  3801 | D:5      | Found a sacrificial altar of Ru.
  3810 | D:5      | Reached XP level 8. HP: 36/59 MP: 8/8
  4538 | D:6      | Noticed Maggie
  4814 | D:6      | Received a gift from Nemelex Xobeh
  4859 | D:6      | Killed Maggie
  4860 | D:6      | Reached skill level 10 in Unarmed Combat
  4860 | D:6      | Reached XP level 9. HP: 25/64 MP: 9/9
  5406 | D:6      | You are sucked into a shaft and drop 2 floors!
  5406 | D:8      | Found an opulent altar of Gozag.
  5406 | D:8      | Found an ornate altar of the Wu Jian Council.
  5406 | D:8      | Found an iron altar of Okawaru.
  5581 | D:8      | Reached ** piety under Nemelex Xobeh
  5601 | D:7      | Found a white marble altar of Elyvilon.
  6060 | D:7      | Found an ancient bone altar of Kikubaaqudgha.
  6578 | D:7      | Reached skill level 5 in Fighting
  6662 | D:7      | Received a gift from Nemelex Xobeh
  6673 | D:7      | Found a hide-covered altar of Uskayaw.
  6673 | D:7      | Found a hazy altar of Hepliaklqana.
  7387 | D:8      | Found a snail-covered altar of Cheibriados.
  7458 | D:8      | Reached XP level 10. HP: 71/86 MP: 10/10
  7778 | D:8      | Found Difiecib's Magic Scroll Emporium.
  7790 | D:8      | Bought a scroll of blinking for 105 gold pieces
  7790 | D:8      | Bought a scroll of poison for 56 gold pieces
  7790 | D:8      | Bought a scroll of amnesia for 56 gold pieces
  7794 | D:8      | Received a gift from Nemelex Xobeh
  8087 | D:8      | Found a basalt altar of Yredelemnul.
  8932 | D:9      | Noticed a two-headed ogre
  8933 | D:9      | Killed a two-headed ogre
  9017 | D:9      | Received a gift from Nemelex Xobeh
  9198 | D:9      | Reached *** piety under Nemelex Xobeh
  9247 | D:10     | Entered Level 10 of the Dungeon
  9768 | D:10     | Reached skill level 10 in Fighting
 10409 | D:11     | Found Vanooll's Book Shop.
 10413 | D:11     | Received a gift from Nemelex Xobeh
 10420 | D:11     | Found Qoibuat's Magic Scroll Boutique.
 10429 | D:11     | Noticed a manticore
 10436 | D:11     | Noticed a boulder beetle
 10438 | D:11     | Killed a manticore
 10439 | D:11     | Reached skill level 1 in Invocations
 10448 | D:11     | Noticed a manticore
 10451 | D:11     | a manticore changed into a human
 10460 | D:11     | Reached skill level 10 in Shapeshifting
 10575 | D:11     | Noticed a manticore
 10583 | D:11     | Noticed a two-headed ogre
 10591 | D:11     | Killed a manticore
 10592 | D:11     | Reached XP level 11. HP: 14/99 MP: 11/13
 10697 | D:11     | Found a staircase to the Lair.
 11213 | D:11     | Killed a two-headed ogre
 11368 | D:11     | Reached skill level 5 in Invocations
 11504 | D:11     | Identified the +6 flail of Inconvenience {flame, rC- rN+
                  | MP+9 Int+3}
 11558 | D:11     | Found Wubyav's Weapon Shop.
 11576 | D:11     | Killed a boulder beetle
 11773 | D:11     | Bought a scroll of revelation for 112 gold pieces
 11773 | D:11     | Bought a scroll of immolation for 60 gold pieces
 11773 | D:11     | Bought a scroll of noise for 15 gold pieces
 11972 | D:11     | Found Seser's Armour Boutique.
 11993 | D:11     | Found Uxkyuh's Distillery.
 12099 | D:12     | Noticed a soul eater
 12591 | D:12     | Noticed a two-headed ogre
 12599 | D:12     | Killed a two-headed ogre
 12903 | D:12     | Found a staircase to the Orcish Mines.
 12918 | D:12     | Reached **** piety under Nemelex Xobeh
 13116 | D:12     | Noticed a boulder beetle
 13150 | D:12     | Killed a boulder beetle
 13401 | D:12     | Noticed an entropy weaver
 13404 | D:12     | an entropy weaver changed into a harpy
 13404 | D:12     | Noticed a harpy (shapeshifter)
 13405 | D:12     | a harpy changed into a golden eye
 13760 | D:13     | Noticed a deep elf pyromancer
 13764 | D:13     | Killed a deep elf pyromancer
 13779 | D:13     | Noticed a cyan ugly thing
 13779 | D:13     | Noticed a brown ugly thing
 13928 | D:13     | Reached XP level 12. HP: 40/106 MP: 17/19
 14513 | D:13     | Reached skill level 10 in Invocations
 14748 | D:13     | Received a gift from Nemelex Xobeh
 14938 | D:13     | Found a runed translucent door.
 14941 | D:13     | Noticed a balrug
 14991 | D:13     | Noticed a boulder beetle
 15015 | D:13     | Killed a boulder beetle
 15928 | D:14     | Noticed a boulder beetle
 15949 | D:14     | Killed a boulder beetle
 16123 | D:14     | Found Ulynn's Assorted Antiques.
 16128 | D:14     | Bought a brown potion for 32 gold pieces
 16132 | D:14     | Found Cidghurimp's Jewellery Emporium.
 16549 | D:13     | Noticed a centaur warrior
 16558 | D:13     | Killed a centaur warrior
 16753 | D:14     | Found Mafualao's Jewellery Shoppe.
 16915 | D:14     | Slain by a slime creature

Illustrated notes

Levels and vault maps discovered:
D:1:      minmay_arrival_three_doors, layout_basic
D:2:      layout_rooms, chequers_serial_rivers_large_b, lightli_corner_chamber
D:3:      layout_rooms, zin_purify, palyth_stone_intersect,
          minmay_misc_feat_columns, hangedman_feature_mirror, kennysheep_potato
D:4:      layout_loops_ring, minmay_temple_entry_sparse_star, uniq_eustachio
D:5:      layout_cave_pools, mainiacjoe_overflow_brackets
D:6:      layout_basic, uniq_maggie
D:7:      layout_basic, old_standard_altar, gammafunk_temple_overflow_forgotten,
          serial_demonic, serial_demonic_g, serial_demonic_f, serial_demonic_g,
          serial_demonic_g, dk_noncrumbling_4
D:8:      layout_gridville, mainiacjoe_overflow_boulevard,
          mainiacjoe_overflow_six_doors_small, nicolae_overflow_hidden_temple,
          serial_shops, nicolae_shop_tiny_statue_garden,
          minmay_misc_feat_plants, nicolae_elevator_lobby_plus
D:9:      layout_long_grid
D:10:     layout_roguey, serial_bayou, serial_bayou_crossing,
          serial_bayou_lake_a, serial_bayou_shore_b, serial_bayou_shore_a
D:11:     layout_rooms, lair_entry_dummy, serial_shops, shop,
          nicolae_shop_peninsula, nicolae_shop_peninsula, shop_fountains, shop
D:12:     layout_roguey, erik_orc_4
D:13:     dreamdust_dug_too_deep, layout_irregular_city,
          minmay_fractal_squares_gapless_7
D:14:     layout_loops_ring, hellmonk_vaults_attempted_burglary,
          chequers_serial_rivers_micro_a, serial_shops, shop, shop,
          nicolae_shop_just_a_little_nook, shop, shop
Temple:   jpeg_temple_clearing

Skill      XL: |  1  2  3  4  5  6  7  8  9 10 11 12 |
---------------+-------------------------------------+-----
Unarmed Combat | 4 5 6 8 10 | 10.3
Shapeshifting  | 4 5 6 8 10 11 12 | 12.4
Fighting       | 7 10 | 10.0
Invocations    | 3 9 12 | 12.8
Dodging        | |  1.7

Action                     |  1- 3 |  4- 6 |  7- 9 | 10-12 || total
---------------------------+-------+-------+-------+-------++-------
  Melee: Unarmed           |    86 |   147 |   312 |   612 ||  1157
         Tailslap          |    10 |    16 |    50 |   153 ||   229
         Punch             |       |     2 |    12 |       ||    14
 Invoke: Draw Destruction  |       |       |     1 |     7 ||     8
         Draw Summoning    |       |       |       |     3 ||     3
Ability: Breathe Frost     |       |       |     1 |     2 ||     3
  Evoke: Wand              |       |       |       |    17 ||    17
    Use: Scroll            |       |       |     9 |     2 ||    11
         Potion            |       |       |     1 |     3 ||     4
   Stab: Sleeping          |     2 |     1 |       |       ||     3
 Armour: Skin              |    38 |    71 |   164 |   377 ||   650
  Dodge: Dodged            |    52 |    74 |   179 |   442 ||   747
   Form: Flux              |       |       |     1 |       ||     1
